 Dungeon Crawl Stone Soup version 0.28-a0-987-g8383568036 (webtiles) character file.

Game seed: 1487918362949883770

39 BinkBink the Slasher (level 3, -2/33 HPs)
             Began as a Minotaur Monk on Dec 4, 2021.
             Was an Initiate of Gozag.
             Slain by a goblin (5 damage)
             ... led by Robin
             ... on level 2 of the Dungeon.
             The game lasted 00:02:05 (1141 turns).

BinkBink the Slasher (Minotaur Monk)                Turns: 1141, Time: 00:02:05

Health: -2/33      AC:  4    Str: 15    XL:     3   Next: 26%
Magic:  2/2        EV: 13    Int:  7    God:    Gozag
Gold:   37         SH:  0    Dex: 14    Spells: 2/2 levels left

rFire   . . .      SeeInvis .   a - +0 falchion
rCold   . . .      Faith    .   (no shield)
rNeg    . . .      Spirit   .   b - +0 robe
rPois   .          Reflect  .   (helmet unavailable)
rElec   .          Harm     .   (no cloak)
rCorr   .          Rampage  .   (no gloves)
Will    .....                   (no boots)
Stlth   ++........              (no amulet)
HPRegen 0.11/turn               (no ring)
MPRegen 0.08/turn               (no ring)

@: brilliant, gold aura
A: horns 3, retaliatory headbutt, iridescent scales 1, subdued magic 1
a: Renounce Religion, Potion Petition, Call Merchant, Bribe Branch


You were on level 2 of the Dungeon.
You worshipped Gozag.
Gozag was noncommittal.
You visited 1 branch of the dungeon, and saw 2 of its levels.

You collected 37 gold pieces.

Inventory:

Hand Weapons
 a - a +0 falchion (weapon)
Armour
 b - a +0 robe (worn)
Jewellery
 g - a ring of resist corrosion
Scrolls
 d - a scroll of enchant weapon
 e - a scroll of vulnerability {unknown}
 f - a scroll of amnesia {unknown}
 h - a scroll of identify
 i - a scroll of magic mapping {unknown}
 k - a scroll of blinking {unknown}
Potions
 c - a potion of brilliance


   Skills:
 + Level 4.1 Fighting
 + Level 4.4 Long Blades
 + Level 3.8 Dodging
 - Level 1.5 Stealth


You had 2 spell levels left.
You didn't know any spells.
Your spell library contained the following spells:

 Spells                   Type           Power      Damage    Failure   Level
 Slow                     Hex            0%         N/A       38%         1
 Confusing Touch          Hex            0%         N/A       77%         3
 Vampiric Draining        Necr           0%         2d6       77%         3


Dungeon Overview and Level Annotations

Branches:
Dungeon (2/15)

Altars:
Gozag

Annotations:
D:2 Robin, Terence


Innate Abilities, Weirdness & Mutations

You have a pair of large horns on your head.
You reflexively headbutt those who attack you in melee.
You are partially covered in iridescent scales. (AC +2)
Your spells are a little easier to cast, but a little less powerful.


Message History

The hobgoblin no longer looks unusually strong.
Terence says, "Don't bother to defend, it's pointless."
Terence throws a stone.
The stone hits you.
* * * LOW HITPOINT WARNING * * *
Terence throws a stone.
The stone closely misses you.
Found a spear and 27 stones.
Terence throws a stone.
The stone barely misses you. The adder bites you.
* * * LOW HITPOINT WARNING * * *
The adder barely misses you.
It was a potion of brilliance.
You feel clever all of a sudden. The adder misses you. The adder bites you.
* * * LOW HITPOINT WARNING * * *
It was a potion of mutation.
You feel extremely strange.
Your connection to magic feels subdued.
The horns on your head grow some more.
Iridescent scales grow over part of your body.
The adder closely misses you.
As you read the scroll labelled UXOBIUW MASUCA, it crumbles to dust.
It is a scroll of identify.
d - a scroll of enchant weapon The adder barely misses you.
You furiously retaliate!
You headbutt the adder!
You kill the adder!
The goblin hits you with a +0 dagger.
* * * LOW HITPOINT WARNING * * *
Found 3 murky golden potions and a scroll of identify.
You see here a +0 spear.
Terence throws a stone.
The stone misses you.
Terence says, "Time to say good-bye..."
A goblin comes into view. It is wielding a +0 dagger.
The goblin shouts! x2
The goblin is distracted by your dazzling golden aura.
A goblin comes into view. It is wielding a +0 club.
A goblin comes into view. It is wielding a +0 club.
The goblin shouts! x2
The goblin is no longer distracted by gold.
Robin roars a battlecry!
The goblins go into a battle-frenzy!
The goblin hits you with a +0 club.
You die...
Your body crumbles into a pile of gold.

....g.g ... ..g.. #.......
.... g.. #....#. # .....##g#
#...... ..## ......!g###
#..... .... ....##.g..###.....
#..........## #
##....##....###..# ........#
###........##..# #.......# ...
##<.##..@...# #......?# ..
#....##gg..# #.......# ..
####.##...#..g#####.......# #.
#..$.#..g.......!##.......#
#..#$###g........@..g..(.....#
#.#g##...>g...........).....#
#...##......................#
#..g##...............###...##
##...#...............#...###


You could see Terence, a hobgoblin and 5 goblins.

Vanquished Creatures
  An adder (D:2)
  A dart slug (D:1)
  5 ball pythons
  3 endoplasms (D:1)
  A giant cockroach (D:1)
  3 goblins (D:2)
  A hobgoblin (D:2)
  2 jackals (D:1)
  A quokka (D:1)
  4 bats (D:1)
  2 kobolds (D:1)
  A rat (D:1)
25 creatures vanquished.

Notes
Turn   | Place    | Note
-------+----------+-------------------------------------------
     0 | D:1      | BinkBink the Minotaur Monk began the quest for the Orb.
     0 | D:1      | Reached XP level 1. HP: 19/19 MP: 0/0
   154 | D:1      | Reached XP level 2. HP: 20/27 MP: 1/1
   823 | D:1      | Found a faded altar of an unknown god.
   849 | D:1      | Prayed at the altar of an unknown god.
   849 | D:1      | Became a worshipper of Gozag Ym Sagoz the Greedy
  1073 | D:2      | Noticed Robin
  1093 | D:2      | Reached XP level 3. HP: 14/33 MP: 2/2
  1105 | D:2      | Noticed Terence
  1125 | D:2      | Gained mutation: Your spells are a little easier to cast,
                  | but a little less powerful. [potion of mutation]
  1125 | D:2      | Gained mutation: You have a pair of large horns on your
                  | head. [potion of mutation]
  1125 | D:2      | Gained mutation: You are partially covered in iridescent
                  | scales. (AC +2) [potion of mutation]
  1128 | D:2      | HP: 1/33 [goblin[Robin] (1)]
  1141 | D:2      | Slain by a goblin

Illustrated notes

Levels and vault maps discovered:
D:1:      psy_arrival_dodecagon, layout_loops_ring,
          shapermc_ecumenical_altar_notcrosses, fountainhead,
          minmay_pentomino_q4
D:2:      layout_rooms, uniq_robin, uniq_terence

Skill      XL: |  1  2 |
---------------+-------+-----
Long Blades    | 4 |  4.4
Fighting       | 4 |  4.1
Dodging        | |  3.8
Stealth        | |  1.5

Action                   || total
-------------------------++-------
Melee: Falchion          ||    48
       Headbutt          ||     1
  Use: Potion            ||     2
       Scroll            ||     1
 Stab: Sleeping          ||     1
Armor: Robe              ||    11
Dodge: Dodged            ||    38

Table legend: (Time is in decaauts)
 A = Elapsed time spent in this place.
 B = Non-inter-level travel time spent in this place.
 C = Inter-level travel time spent in this place.
 D = Time resting spent in this place.
 E = Time spent auto-exploring this place.
 F = Levels seen in this place.
 G = Mean time per level.
                   A        B        C        D        E       F      G
               +--------+--------+--------+--------+--------+-----+--------+
         Total |   1151 |   1116 |     35 |      0 |    933 |   2 |  575.5 |
       Dungeon |   1151 |   1116 |     35 |      0 |    933 |   2 |  575.5 |
               +--------+--------+--------+--------+--------+-----+--------+

Top non-repeatable levels by time:
     D:1: 1078 daAuts
     D:2: 72 daAuts
